 Dungeon Crawl Stone Soup version 0.29.1-12-g30fa7ad0bf (webtiles) character file.

Game seed: 9209314314979780890

36 tkbsonic5 the Trooper (level 3, -1/30 HPs)
             Began as a Minotaur Warper on Jan 14, 2023.
             Succumbed to an adder's poison
             ... on level 2 of the Dungeon.
             The game lasted 00:03:34 (1145 turns).

tkbsonic5 the Trooper (Minotaur Warper)             Turns: 1145, Time: 00:03:35

Health: -1/30      AC:  3    Str: 13    XL:     3   Next: 19%
Magic:  4/4        EV: 11    Int: 12    God:
Gold:   88         SH:  0    Dex:  9    Spells: 0/5 levels left

rFire   + . .      SeeInvis .   g - +0 war axe
rCold   + . .      Faith    .   (no shield)
rNeg    . . .      Spirit   .   b - +0 leather armour
rPois   +          Reflect  .   (helmet restricted)
rElec   +          Harm     .   (no cloak)
rCorr   +          Rampage  .   (no gloves)
Will    .....                   (no boots)
Stlth   +.........              (no amulet)
HPRegen 0.10/turn               (no ring)
MPRegen 0.09/turn               (no ring)

@: brilliant, lethally poisoned (-1 -> -9), resistant
A: horns 2, retaliatory headbutt, weak 1
a: no special abilities


You were on level 2 of the Dungeon.
You visited 1 branch of the dungeon, and saw 2 of its levels.

You collected 88 gold pieces.

Inventory:

Hand Weapons
 a - a +0 hand axe
 g - a +0 war axe (weapon)
Missiles
 d - 4 boomerangs of dispersal (quivered)
Armour
 b - a +0 leather armour (worn)
 f - a +0 plate armour
 j - an orb of light
Scrolls
 c - a scroll of blinking
 e - 3 scrolls of identify {unknown}
Potions
 h - 2 potions of brilliance
 k - a potion of mutation


   Skills:
 * Level 2.9 Fighting
 * Level 2.9 Axes
 - Level 1.0 Throwing
 + Level 1.6 Armour
 + Level 2.4 Dodging
 * Level 1.7 Spellcasting
 * Level 2.4 Translocations


You couldn't memorise any spells.
You knew the following spells:

 Your Spells              Type           Power      Damage    Failure   Level
a - Blink                 Tloc           20%        N/A       21%         2
b - Teleport Other        Tloc           10%        N/A       36%         3

Your spell library contained the following spells:

 Spells                   Type           Power      Damage    Failure   Level
 Gell's Gravitas          Tloc           10%        N/A       36%         3
 Lesser Beckoning         Tloc           10%        N/A       36%         3
 Ozocubu's Armour         Ice            1%         N/A       71%         3
 Tukima's Dance           Hex            1%         N/A       71%         3
 Manifold Assault         Tloc           10%        N/A       98%         5
 Silence                  Hex/Air        0%         N/A       100%        5


Dungeon Overview and Level Annotations

Branches:
Dungeon (2/15)

Altars:


Innate Abilities, Weirdness & Mutations

You have a pair of horns on your head.
You reflexively headbutt those who attack you in melee.
You are weak. (Str -2)


Message History

You headbutt the adder, but do no damage.
You feel very sick. The adder bites you. The adder misses you.
You miss the adder. Your headbutt misses the adder.
You feel sick. The adder bites you but does no damage.
You miss the adder.
You feel sick. The adder closely misses you. x2
You slash the adder!
The adder is heavily wounded.
You feel sick. The adder bites you. The adder bites you but does no damage.
You barely miss the adder. Your headbutt misses the adder.
The adder is heavily wounded.
You feel sick.
You are no longer poisoned.
The adder bites you.
You are poisoned.
The adder poisons you! The adder bites you but does no damage.
You are too injured to fight recklessly!
You miss the adder.
The adder is heavily wounded.
You feel sick. The adder bites you.
You hit the adder but do no damage. Your headbutt misses the adder.
The adder is heavily wounded.
You feel sick. The adder bites you.
* * * LOW HITPOINT WARNING * * *
The adder bites you.
* * * LOW HITPOINT WARNING * * *
It was a potion of brilliance.
You feel clever all of a sudden.
You feel sick. The adder bites you.
* * * LOW HITPOINT WARNING * * *
You are lethally poisoned!
The adder poisons you! The adder closely misses you. You furiously retaliate!
You headbutt the adder.
It was a potion of resistance.
You feel protected.
* * * LOW HITPOINT WARNING * * *
You feel sick. The adder bites you but does no damage.
It was a potion of mutation.
You feel extremely strange.
You feel weaker.
You die...

# ...#.....).#
#.##.#######)#
#............###
####.#...##....#
#....#.#.##....#
#.#..#.#.##....#
#.#..#.#.##.>..#
#.#..#.#.##....#
#@#..#>...+.....
#S#..###.##....##
#.#... ..##....#
#..... #.. #..#
#... ##..


You could see an adder.

Vanquished Creatures
  A dart slug (D:1)
  A ball python (D:1)
  4 bats
  4 endoplasms (D:1)
  2 giant cockroaches
  2 goblins (D:1)
  4 hobgoblins (D:1)
  4 jackals (D:1)
  2 kobolds (D:2)
  5 rats
29 creatures vanquished.

Notes
Turn   | Place    | Note
-------+----------+-------------------------------------------
     0 | D:1      | tkbsonic5 the Minotaur Warper began the quest for the Orb.
     0 | D:1      | Reached XP level 1. HP: 18/18 MP: 1/1
   341 | D:1      | Reached XP level 2. HP: 21/25 MP: 3/3
   349 | D:1      | Learned a level 2 spell: Blink
   756 | D:1      | Reached XP level 3. HP: 30/30 MP: 4/4
   792 | D:1      | Learned a level 3 spell: Teleport Other
  1090 | D:2      | Got the Omnibus of Glacial Glamour
  1144 | D:2      | HP: 1/30 [poisoned by an adder]
  1145 | D:2      | Gained mutation: You are weak. (Str -2) [potion of
                  | mutation]
  1145 | D:2      | Succumbed to an adder's poison

Illustrated notes

Levels and vault maps discovered:
D:1:      dpeg_arrival_three_same_balls, layout_basic, minmay_pentomino_x4
D:2:      minmay_skewed_foursquare, layout_basic,
          hellmonk_ecumenical_altar_pennies_from_heaven,
          kennysheep_generic_room_9, uniq_terence, uniq_robin

Action                   || total
-------------------------++-------
Melee: Hand axe          ||    16
       War axe           ||    35
       Headbutt          ||     9
       Punch             ||     1
Throw: Boomerang         ||     3
  Use: Potion            ||     3
Armor: Leather armour    ||    24
Dodge: Dodged            ||    24
